 Dungeon Crawl Stone Soup version 0.31-a0-200-gbc41564c69 (webtiles) character file.

Game seed: 11517264128845607995

46 qw the Shooter (level 3, 0/20 HPs)
             Began as a Deep Elf Hunter on June 25, 2023.
             Slain by Sigmund
             ... wielding a +3 vampiric scythe
              (9 damage)
             ... on level 2 of the Dungeon.
             The game lasted 00:00:31 (1197 turns).

qw the Shooter (Deep Elf Hunter)                    Turns: 1197, Time: 00:00:32

Health: 0/20       AC:  6    Str: 10    XL:     3   Next: 46%
Magic:  5/5        EV:  9    Int: 13    God:
Gold:   62         SH:  0    Dex: 18    Spells: 2/2 levels left

rFire   . . .        Y - +0 shortbow
rCold   . . .        (shield currently unavailable)
rNeg    . . .        e - +0 scale mail
rPois   .            (no helmet)
rElec   .            (no cloak)
rCorr   .            (no gloves)
SInv    .            (no boots)
Will    .....        (no amulet)
Stlth   +            (no ring)
HPRegen 0.23/turn    (no ring)
MPRegen 0.09/turn

%: no passive effects
@: no status effects
A: no striking features
a: no special abilities


You were on level 2 of the Dungeon.
You visited 1 branch of the dungeon, and saw 2 of its levels.

You collected 62 gold pieces.


   Skills:
 - Level 1.5 Fighting
 + Level 7.0 Ranged Weapons
 - Level 2.4 Dodging
 - Level 1.2 Stealth


You had 2 spell levels left.
You didn't know any spells.
Your spell library was empty.

Inventory:

Hand Weapons
 Y - a +0 shortbow (weapon)
Armour
 e - a +0 scale mail (worn)
Jewellery
 b - an amulet of faith
Potions
 a - a potion of lignification {unknown}
 g - a potion of curing {unknown}

Dungeon Overview and Level Annotations

Branches:
Dungeon (2/15)

Altars:

Annotations:
D:2 Sigmund, Terence


Message History

Enter note:
Enter note:
Enter note:
Enter note:
Enter note:
Enter note:
Enter note:
Enter note:
Enter note:
Enter note:
Enter note:
Enter note: Sigmund is nearby!
Enter note:
Enter note:
Enter note:
Enter note:
Enter note:
Enter note:
Enter note:
Enter note:
Enter note:
Enter note:
Enter note:
Enter note: You shoot an arrow.
The arrow hits Sigmund.
Sigmund is lightly wounded.
Sigmund casts a spell at you. The magic dart hits you.
Sigmund gestures wildly while chanting.
Sigmund flickers and vanishes!
Deactivating autopickup; reactivate with Ctrl-A.
You shoot an arrow. You shoot an arrow. You shoot an arrow. Something hits you!
Ouch! That really hurt!
You shoot an arrow. Something hits you!
You die...

##.#....#####..#.....# ..
###.......#####.......#...
....#####.#.....#.....#...
...................(......
....###.###.....#.........
....###.###...%.#.........
................#.........
.###..).........#.........
#.....@...######.######
#.......#.# #.#....#
#.......# # #......#
#.......# #......#
#.......# #......#
#........ #.....##
#......... #####.##
#......... ####...#...
#+###......###.


There were no monsters in sight!

Vanquished Creatures
  An adder (D:2)
  2 ball pythons (D:1)
  7 endoplasms
  2 giant cockroaches (D:2)
  4 goblins (D:1)
  4 hobgoblins
  3 quokkas
  A bat (D:2)
  5 frilled lizards
  A kobold (D:2)
  3 rats
33 creatures vanquished.

Notes
Turn   | Place    | Note
-------+----------+-------------------------------------------
     0 | D:1      | qw the Deep Elf Hunter began the quest for the Orb.
     0 | D:1      | Reached XP level 1. HP: 12/12 MP: 3/3
     0 | D:1      | 0 ||| qw: Version: 0.3-a-22-g0ed2b0b
     0 | D:1      | 0 ||| qw: Game counter: 5698
     0 | D:1      | 0 ||| qw: Melee chars always use a shield: true
     0 | D:1      | 0 ||| qw: God list: Okawaru
     0 | D:1      | 0 ||| qw: Allow faded altars: false
     0 | D:1      | 0 ||| qw: Do Orc after clearing Dungeon:15 true
     0 | D:1      | 0 ||| qw: Do second Lair branch before Depths: true
     0 | D:1      | 0 ||| qw: Lair rune preference: random
     0 | D:1      | 0 ||| qw: Goals: Normal
     0 | D:1      | 0 ||| PLANNING D:1-11
   163 | D:1      | Found a faded altar of an unknown god.
   255 | D:1      | Reached XP level 2. HP: 16/16 MP: 4/4
   263 | D:1      | Reached skill level 6 in Ranged Weapons
   629 | D:1      | 629 ||| UPGRADING to +0 scale mail.
   639 | D:1      | 639 ||| DROPPING +0 leather armour.
   640 | D:1      | 640 ||| READING scroll labelled OPHO CYZIPSUT.
   641 | D:1      | 641 ||| READING scroll labelled VUGIB LOJIMUBENE.
   642 | D:1      | 642 ||| DROPPING scroll of butterflies.
   687 | D:2      | 687 ||| STAIRDANCE
   822 | D:2      | Reached XP level 3. HP: 15/20 MP: 5/5
  1101 | D:2      | Noticed Terence
  1102 | D:2      | 1102 ||| FLEEEEING.
  1105 | D:2      | 1105 ||| FLEEEEING.
  1111 | D:2      | 1111 ||| FLEEEEING.
  1112 | D:2      | 1112 ||| FLEEEEING.
  1113 | D:2      | 1113 ||| FLEEEEING.
  1122 | D:2      | Reached skill level 7 in Ranged Weapons
  1191 | D:2      | Noticed Sigmund
  1197 | D:2      | Slain by Sigmund

Levels and vault maps discovered:
D:1:      dpeg_arrival_arbitrary_c, layout_basic,
          hellmonk_ecumenical_altar_pennies_from_heaven
D:2:      layout_basic, basic_altar, uniq_sigmund, uniq_terence

Skill      XL: |  1  2  3 |
---------------+----------+-----
Ranged Weapons | 6 7 |  7.0
Fighting       | |  1.5
Dodging        | |  2.4
Stealth        | |  1.2

Action                     || total
---------------------------++-------
   Fire: Shortbow          ||   109
    Use: Scroll            ||     2
 Armour: Scale mail        ||    21
         Leather armour    ||     1
  Dodge: Dodged            ||    19

Table legend:
 A = Non-vault XP
 B = Vault XP
 C = Vault XP percentage of total XP
 D = Non-vault monster count
 E = Vault monster count
 F = Vault count percentage of total count
                 A         B        C        D         E       F
            +---------+---------+-------+---------+---------+-------
      Total |      67 |       0 |   0.0 |      33 |       0 |   0.0
            +---------+---------+-------+---------+---------+-------
        D:1 |      34 |       0 |   0.0 |      19 |       0 |   0.0
        D:2 |      33 |       0 |   0.0 |      14 |       0 |   0.0
            +---------+---------+-------+---------+---------+-------
